 Dungeon Crawl Stone Soup version 0.27-a0-29-g2d0a2396b0 (webtiles) character file.

Game seed: 1009785520896252667

946 jiml777 the Thaumaturge (level 7, -3/36 HPs)
             Began as a Deep Elf Air Elementalist on Jan 2, 2021.
             Was an Initiate of Sif Muna.
             Slain by an orc warrior
             ... wielding a +0 great sword
              (13 damage)
             ... on level 4 of the Dungeon on Jan 3, 2021.
             The game lasted 00:26:02 (5102 turns).

jiml777 the Thaumaturge (Deep Elf Air Elementalist) Turns: 5102, Time: 00:26:03

Health: -3/36      AC:  5    Str:  5    XL:     7   Next: 89%
Magic:  15/20      EV: 13    Int: 22    God:    Sif Muna [......]
Gold:   191        SH:  0    Dex: 15    Spells: 7/22 levels left

rFire    . . .     SeeInvis .   i - +2 spear (vorpal)
rCold    . . .     Faith    .   (no shield)
rNeg     . . .     Spirit   .   j - +2 robe {Will+}
rPois    .         Reflect  .   (no helmet)
rElec    .         Harm     .   (no cloak)
rCorr    .         Rampage  .   p - +0 pair of gloves
Will     +....                  (no boots)
Stlth    ++........             (no amulet)
HPRegen  0.12/turn              (no ring)
MPRegen  0.17/turn              (no ring)

@: mighty, swift, very quick
A: no striking features
a: Renounce Religion


You were on level 4 of the Dungeon.
You worshipped Sif Muna.
Sif Muna was noncommittal.
You visited 2 branches of the dungeon, and saw 6 of its levels.

You collected 191 gold pieces.

Inventory:

Hand Weapons
 i - a +2 vorpal spear (weapon)
Missiles
 c - 122 arrows
Armour
 a - a +1 robe
 j - a +2 robe of willpower (worn)
 p - a +0 pair of gloves (worn)
Scrolls
 e - a scroll of remove curse
 k - a scroll of identify
 l - a scroll of enchant armour
 m - 3 scrolls of teleportation
 n - a scroll of fear {unknown}
Potions
 b - 2 potions of brilliance
 d - a potion of magic
 g - 2 potions of resistance
 h - a potion of flight


   Skills:
 + Level 0.1 Fighting
 + Level 2.8 Dodging
 + Level 3.3 Stealth
 + Level 8.3 Spellcasting
 + Level 3.6 Conjurations
 + Level 6.2 Air Magic


You had 7 spell levels left.
You knew the following spells:

 Your Spells              Type           Power        Failure   Level
a - Shock                 Conj/Air       100%         1%          1
b - Swiftness             Air            36%          1%          2
c - Static Discharge      Conj/Air       31%          2%          3
d - Airstrike             Air            18%          5%          4
e - Lightning Bolt        Conj/Air       15%          26%         5

Your spell library contained the following spells:

 Spells                   Type           Power        Failure   Level


Dungeon Overview and Level Annotations

Branches:
Dungeon (5/15)             Temple (1/1) D:4

Altars:
Ashenzari
Dithmenos
Elyvilon
Gozag
Hepliaklqana
Kikubaaqudgha
Nemelex Xobeh
Okawaru
Sif Muna
Uskayaw
Vehumet
Wu Jian
Xom
Zin
The Shining One


Message History

The spell is quite dangerous to cast (5% risk of failure)!
Continue anyway?
Aiming: Airstrike (quite dangerous; 5% risk of failure)
Press: ? - help, Dir - move target, f - orc warrior
Aim: an orc warrior, wielding a +0 great sword and wearing a +0 plate armour The air twists around and strikes the orc warrior!
The orc warrior is moderately wounded.
The orc warrior hits you with a +0 great sword!!
Ouch! That really hurt!
* * * LOW HITPOINT WARNING * * *
Casting: Airstrike (quite dangerous; 5% risk of failure)
Confirm with . or Enter, or press ? or * to list all spells.
You feel quick. The orc warrior closely misses you.
The orc warrior closely misses you.
You climb upwards.
There is a stone staircase leading down here.
You feel very mighty all of a sudden.
You hit the orc warrior.
The orc warrior is heavily wounded.
The orc warrior hits you with a +0 great sword!
You die...

#####.#..<#.#.##.##....#######..#
.............................####
#####.########.#.##....#######...
.................##....# #._.
##.....#######.#.##....# #...
#.....#######...##....#### ####
#...............##.......# #
##.....#######.o[##.......# #
.#.....# #.#@#####....# .#.....#
#.### #....# .#.....# #.# #....#
.#.....# #.# ######
.#.....#######'######
.#..................#
.######.............###### ##
#..................#
#.............####.#


You could see an orc warrior.

Vanquished Creatures
  2 orc warriors
  An ice beast (D:4)
  A phantom (D:4)
  Blork the orc (D:4)
  A scorpion (D:4)
  A wight (D:4)
  2 hounds (D:4)
  2 orc priests (D:3)
  4 worker ants (D:4)
  4 gnolls (D:2)
  7 adders
  2 oozes
  An adder skeleton (D:4)
  4 worms
  4 dart slugs
  3 leopard geckos (D:2)
  4 orcs (D:3)
  2 ball pythons
  5 giant cockroaches
  3 goblins
  6 hobgoblins
  2 jackals (D:4)
  10 bats
  A frilled lizard (D:3)
  10 kobolds
  4 rats
87 creatures vanquished.

Notes
Turn   | Place    | Note
-------+----------+-------------------------------------------
     0 | D:1      | jiml777 the Deep Elf Air Elementalist began the quest for
                  | the Orb.
     0 | D:1      | Reached XP level 1. HP: 10/10 MP: 6/6
     0 | D:1      | Upgraded the game from 0.27-a0-13-g87abb2d9eb to
                  | 0.27-a0-29-g2d0a2396b0
   201 | D:1      | Found a broken altar of Ashenzari.
   495 | D:1      | Reached XP level 2. HP: 14/15 MP: 2/8
   931 | D:2      | Reached XP level 3. HP: 19/19 MP: 8/10
  1133 | D:2      | Found an iron altar of Okawaru.
  1138 | D:2      | Reached skill level 4 in Spellcasting
  1185 | D:2      | Reached XP level 4. HP: 22/24 MP: 3/12
  2018 | D:3      | Reached XP level 5. HP: 28/28 MP: 11/14
  2021 | D:3      | Learned a level 2 spell: Swiftness
  2025 | D:3      | Learned a level 3 spell: Static Discharge
  2030 | D:3      | Learned a level 4 spell: Airstrike
  2387 | D:3      | Reached skill level 5 in Spellcasting
  2967 | D:4      | Found a glowing golden altar of the Shining One.
  2990 | D:4      | Found a sparkling altar of Nemelex Xobeh.
  3004 | D:4      | Reached XP level 6. HP: 32/32 MP: 2/15
  3104 | D:4      | Found a staircase to the Ecumenical Temple.
  3109 | Temple   | Entered the Ecumenical Temple
  3148 | Temple   | Became a worshipper of Sif Muna the Loreminder
  3191 | D:4      | Noticed an ice beast
  3228 | D:4      | Killed an ice beast
  3609 | D:4      | Reached skill level 6 in Spellcasting
  3709 | D:4      | Reached skill level 5 in Air Magic
  3886 | D:4      | Reached XP level 7. HP: 36/36 MP: 9/18
  4278 | D:4      | Noticed Blork the orc
  4280 | D:4      | Killed Blork the orc
  4281 | D:4      | Reached skill level 7 in Spellcasting
  4334 | D:4      | Found a shimmering blue altar of Sif Muna.
  4426 | D:4      | Learned a level 5 spell: Lightning Bolt
  4623 | D:5      | Entered Level 5 of the Dungeon
  4734 | D:4      | Reached skill level 8 in Spellcasting
  5102 | D:4      | Slain by an orc warrior

Illustrated notes

Levels and vault maps discovered:
D:1:      shiori_shiawase, layout_basic, nicolae_ashenzari_panopticon
D:2:      wad_river_or_something, layout_rooms, okawaru_trees_1
D:3:      layout_rooms
D:4:      layout_basic, kennysheep_mini_moat, nicolae_overflow_crystal_walls,
          minmay_temple_entry_statues_pillars, tgw_sif
D:5:      kennysheep_steamy, layout_gridville, gammafunk_temple_overflow_statue,
          sword_in_stone
Temple:   minmay_temple_bridge_abc

Skill      XL: |  1  2  3  4  5  6  7 |
---------------+----------------------+-----
Spellcasting   | 4 5 6 8 |  8.3
Conjurations   | 2 3 |  3.6
Air Magic      | 4 5 6 |  6.2
Stealth        | 3 |  3.3
Fighting       | |  0.1
Dodging        | |  2.8

Action                   |  1- 3 |  4- 6 |  7- 9 || total
-------------------------+-------+-------+-------++-------
Melee: Spear             |       |    14 |     1 ||    15
 Cast: Shock             |    64 |    94 |     3 ||   161
       Airstrike         |       |    19 |    21 ||    40
       Swiftness         |       |       |     1 ||     1
  Use: Scroll            |       |    10 |       ||    10
       Potion            |       |     1 |     2 ||     3
Armor: Robe              |     1 |     2 |     6 ||     9
       Skin              |       |       |     8 ||     8
Dodge: Dodged            |     7 |    36 |    13 ||    56

Table legend: (Time is in decaauts)
 A = Elapsed time spent in this place.
 B = Non-inter-level travel time spent in this place.
 C = Inter-level travel time spent in this place.
 D = Time resting spent in this place.
 E = Time spent auto-exploring this place.
 F = Levels seen in this place.
 G = Mean time per level.
                   A        B        C        D        E       F      G
               +--------+--------+--------+--------+--------+-----+--------+
         Total |   5107 |   4987 |    120 |   2321 |   1987 |   6 |  851.2 |
       Dungeon |   5046 |   4948 |     98 |   2321 |   1950 |   5 | 1009.2 |
        Temple |     61 |     39 |     22 |      0 |     37 |   1 |   61.0 |
               +--------+--------+--------+--------+--------+-----+--------+

Top non-repeatable levels by time:
     D:4: 2079 daAuts
     D:2: 1357 daAuts
     D:3: 949 daAuts
     D:1: 644 daAuts
  Temple: 61 daAuts
     D:5: 15 daAuts
